 Dungeon Crawl Stone Soup version 0.30.0-20-g3615ddf2f0 (webtiles) character file.

Game seed: 5436193565800322851

189 qw the Chopper (level 5, -6/33 HPs)
             Began as a Gargoyle Fighter on May 29, 2023.
             Mangled by a lemure (8 damage)
             ... led by Pikel
             ... on level 4 of the Dungeon.
             The game lasted 00:01:21 (3006 turns).

qw the Chopper (Gargoyle Fighter)                   Turns: 3006, Time: 00:01:21

Health: -6/33      AC: 12    Str: 22    XL:     5   Next: 68%
Magic:  5/5        EV:  9    Int:  8    God:
Gold:   151        SH:  4    Dex:  9    Spells: 4/4 levels left

rFire   . . .        Y - +0 war axe
rCold   . . .        c - +0 buckler
rNeg    + . .        b - +0 scale mail
rPois   inf          (no helmet)
rElec   +            (no cloak)
rCorr   .            g - +0 pair of gloves
SInv    .            (no boots)
Will    .....        (no amulet) Stlth
                     (no ring)
HPRegen 0.25/turn    (no ring)
MPRegen 0.09/turn

%: no passive effects
@: about to teleport
A: sickness immunity, AC +4, negative energy resistance 1, electricity
resistance, torment resistance 1, petrification resistance
a: no special abilities


You were on level 4 of the Dungeon.
You visited 1 branch of the dungeon, and saw 4 of its levels.

You collected 151 gold pieces.


Innate Abilities, Weirdness & Mutations

You are immune to sickness and miasma.
Your stone body is resilient. (AC +4)
You are immune to poison.
You resist negative energy. (rN+)
You are resistant to electric shocks. (rElec)
You are resistant to unholy torment.
You are immune to petrification.


   Skills:
 + Level 3.8 Fighting
 - Level 5.0 Axes
 - Level 3.2 Armour
 - Level 3.2 Shields


You had 4 spell levels left.
You didn't know any spells.
Your spell library was empty.

Inventory:

Hand Weapons
 p - a +0 whip
 Y - a +0 war axe (weapon)
Armour
 b - a +0 scale mail (worn)
 c - a +0 buckler (worn)
 g - a +0 pair of gloves (worn)
Jewellery
 m - a ring of fire
Scrolls
 a - a scroll of teleportation
 k - a scroll of identify
Potions
 d - a potion of might
 h - a potion of heal wounds
 j - 4 potions of curing
 l - a potion of flight {unknown}
 n - a potion of cancellation {unknown}
 o - a potion of haste {unknown}
 q - a potion of lignification

Dungeon Overview and Level Annotations

Branches:
Dungeon (4/15)
 Temple: D:4-7

Altars:
Elyvilon
Fedhas
Xom

Annotations:
D:4 Pikel


Message History

You barely miss the lemure. You slash Pikel! Pikel barely misses you.
The lemure hits you. The lemure hits you but does no damage.
You closely miss the lemure.
The lemure is almost dead.
You barely miss the lemure. You closely miss Pikel.
You hit the lemure but do no damage. You block the lemure's attack.
Pikel hits you but does no damage. You block the lemure's attack.
The lemure hits you but does no damage. You block the lemure's attack.
The lemure closely misses you. Pikel barely misses you.
The lemure hits you but does no damage.
You slash the lemure!
You kill the lemure!
That felt strangely unrewarding.
You miss Pikel. You slash the lemure! You closely miss the lemure.
Pikel closely misses you. The lemure hits you.
You miss the lemure.
The lemure is heavily wounded.
You slash the lemure! You hit Pikel. You barely miss the lemure.
You block Pikel's attack. The lemure hits you but does no damage.
The lemure barely misses you. The lemure misses you.
You slash the lemure!
The lemure is almost dead.
You closely miss the lemure. You closely miss Pikel.
You barely miss the lemure. The lemure completely misses you.
Pikel hits you but does no damage. The lemure barely misses you.
The lemure closely misses you.
You miss the lemure.
The lemure is almost dead.
You hit the lemure but do no damage. x2; You hit Pikel.
The lemure hits you but does no damage. Pikel completely misses you.
The lemure hits you. x3
Pikel hits you with a +1 whip of electrocution.
The lemure hits you but does no damage. The lemure hits you.
3006 ||| READING 2 scrolls of teleportation.
As you read the scroll of teleportation, it crumbles to dust.
You feel strangely unstable.
Pikel hits you with a +1 whip of electrocution.
You block the lemure's attack. The lemure hits you but does no damage.
The lemure hits you!
You die...

...>..... ..##
......... ...
........##..
..#.....#..
..........
#........#
#.....55K#
#.....5@## .#
##......<##.w.##
#.#...#.......#
##..#......##
#####..#.## #.#
# ##


You could see Pikel and 3 lemures.

Vanquished Creatures
  A lemure (D:4)
  An orc priest (D:3)
  An iguana (D:3)
  4 adders
  2 worms (D:2)
  3 dart slugs
  4 orcs (D:3)
  10 endoplasms
  3 giant cockroaches
  7 goblins
  A hobgoblin (D:3)
  9 jackals
  6 quokkas
  9 ball pythons
  7 bats
  5 kobolds
  5 rats
78 creatures vanquished.

Notes
Turn   | Place    | Note
-------+----------+-------------------------------------------
     0 | D:1      | qw the Gargoyle Fighter began the quest for the Orb.
     0 | D:1      | Reached XP level 1. HP: 14/14 MP: 1/1
     0 | D:1      | 0 ||| qw: Version: 0.2-a-101-gf424e7f
     0 | D:1      | 0 ||| qw: Game counter: 281
     0 | D:1      | 0 ||| qw: Always use a shield: true
     0 | D:1      | 0 ||| qw: God list: Okawaru
     0 | D:1      | 0 ||| qw: Allow faded altars: false
     0 | D:1      | 0 ||| qw: Do Orc after D:15 true
     0 | D:1      | 0 ||| qw: Do second Lair branch before Depths: true
     0 | D:1      | 0 ||| qw: Lair rune preference: random
     0 | D:1      | 0 ||| qw: Plans: Normal, Zot:1-4, Slime:5, God:TSO, Crypt,
                  | Tomb, Pan, Hells, Abyss, Win
     0 | D:1      | 0 ||| PLANNING D:1-11
   133 | D:1      | Reached skill level 2 in Axes
   157 | D:1      | 157 ||| Stepping ~*~*~tactically~*~*~ (stealth).
   163 | D:1      | Reached XP level 2. HP: 19/19 MP: 2/2
   516 | D:1      | 516 ||| Stepping ~*~*~tactically~*~*~ (stealth).
   526 | D:1      | Reached skill level 3 in Axes
   531 | D:1      | Reached XP level 3. HP: 19/23 MP: 3/3
   622 | D:1      | Found a faded altar of an unknown god.
   887 | D:1      | 887 ||| READING 2 scrolls labelled WAMIEW LUXTI.
   890 | D:1      | 890 ||| READING scroll labelled IMPAFE FOUPREI.
   923 | D:2      | 923 ||| Stepping ~*~*~tactically~*~*~ (stealth).
   931 | D:2      | 931 ||| Stepping ~*~*~tactically~*~*~ (stealth).
  1055 | D:2      | 1055 ||| Stepping ~*~*~tactically~*~*~ (stealth).
  1098 | D:2      | 1098 ||| Stepping ~*~*~tactically~*~*~ (stealth).
  1246 | D:2      | Found a blossoming altar of Fedhas.
  1263 | D:2      | Reached XP level 4. HP: 28/28 MP: 4/4
  1312 | D:2      | Reached skill level 4 in Axes
  1746 | D:2      | 1746 ||| READING scroll labelled HUSKYT HA HAE.
  1747 | D:2      | 1747 ||| READING 2 scrolls labelled AGUEFR LOHOO.
  1748 | D:2      | 1748 ||| READING scroll labelled BAGIORO EDEAK.
  1749 | D:2      | 1749 ||| DRINKING 3 bubbling brown potions.
  1914 | D:3      | Found a white marble altar of Elyvilon.
  1979 | D:3      | Reached XP level 5. HP: 23/32 MP: 5/5
  2016 | D:3      | 2016 ||| DROPPING +0 club.
  2222 | D:3      | 2222 ||| Stepping ~*~*~tactically~*~*~ (stealth).
  2225 | D:3      | 2225 ||| Stepping ~*~*~tactically~*~*~ (stealth).
  2255 | D:3      | 2255 ||| Stepping ~*~*~tactically~*~*~ (stealth).
  2256 | D:3      | 2256 ||| Stepping ~*~*~tactically~*~*~ (stealth).
  2257 | D:3      | 2257 ||| Stepping ~*~*~tactically~*~*~ (stealth).
  2337 | D:3      | Reached skill level 5 in Axes
  2566 | D:3      | Found a shimmering altar of Xom.
  2915 | D:3      | 2915 ||| UPGRADING to +0 pair of gloves.
  2920 | D:3      | 2920 ||| READING scroll labelled XIUSEKHLYMA.
  2921 | D:3      | 2921 ||| READING scroll labelled YNUTOK REDEUNO.
  2922 | D:3      | 2922 ||| DRINKING 2 bubbling green potions.
  2950 | D:3      | 2950 ||| READING 3 scrolls of identify.
  2950 | D:3      | 2950 ||| IDENTIFYING glowing coppery potion
  2951 | D:3      | 2951 ||| READING 2 scrolls of identify.
  2951 | D:3      | 2951 ||| IDENTIFYING inky potion
  2952 | D:3      | 2952 ||| DROPPING potion of magic.
  2986 | D:4      | 2986 ||| Stepping ~*~*~tactically~*~*~ (hiding).
  2986 | D:4      | Noticed a lemure
  2986 | D:4      | Noticed a lemure
  2986 | D:4      | Noticed a lemure
  2987 | D:4      | 2987 ||| Stepping ~*~*~tactically~*~*~ (stealth).
  2990 | D:4      | Noticed a lemure
  2991 | D:4      | Noticed Pikel
  3002 | D:4      | Killed a lemure
  3005 | D:4      | HP: 7/33 [lemure[Pikel] (4)]
  3006 | D:4      | 3006 ||| READING 2 scrolls of teleportation.
  3006 | D:4      | HP: 2/33 [Pikel/+1 whip of electrocution (5)]
  3006 | D:4      | Mangled by a lemure

Levels and vault maps discovered:
D:1:      co_arrival_random_square_maze, layout_loops_corners,
          chequers_ecumenical_altar_twisty
D:2:      layout_basic, basic_altar, minmay_large_rounded_square,
          minmay_tromino_i2
D:3:      layout_basic, xom_butterflies,
          mainiacjoe_overflow_concentric_impassable,
          hangedman_abyss_or_decor_stabs
D:4:      layout_cave_pools, zin_scriptorium, uniq_pikel, uniq_menkaure

Skill      XL: |  1  2  3  4  5 |
---------------+----------------+-----
Axes           | 2 3 4 5 |  5.0
Fighting       | |  3.8
Armour         | |  3.2
Shields        | |  3.2

Action                     |  1- 3 |  4- 6 || total
---------------------------+-------+-------++-------
  Melee: War axe           |    87 |   117 ||   204
  Throw: Boomerang         |    37 |    29 ||    66
    Use: Scroll            |     2 |     8 ||    10
         Potion            |       |     2 ||     2
 Armour: Scale mail        |    43 |    66 ||   109
  Dodge: Dodged            |    31 |    77 ||   108
  Block: Buckler           |    11 |    29 ||    40

Table legend:
 A = Non-vault XP
 B = Vault XP
 C = Vault XP percentage of total XP
 D = Non-vault monster count
 E = Vault monster count
 F = Vault count percentage of total count
                 A         B        C        D         E       F
            +---------+---------+-------+---------+---------+-------
      Total |     267 |       4 |   1.5 |      76 |       1 |   1.3
            +---------+---------+-------+---------+---------+-------
        D:1 |      35 |       0 |   0.0 |      22 |       0 |   0.0
        D:2 |      85 |       4 |   4.5 |      24 |       1 |   4.0
        D:3 |     142 |       0 |   0.0 |      28 |       0 |   0.0
        D:4 |       5 |       0 |   0.0 |       2 |       0 |   0.0
            +---------+---------+-------+---------+---------+-------
